 Dungeon Crawl Stone Soup version 0.30.0-5-g1a98f26d00 (webtiles) character file.

Game seed: 7713077457516647786

1136 qeuew the Covered (level 8, -1/93 (105) HPs)
             Began as a Minotaur Berserker on May 9, 2023.
             Was an Elder of Trog.
             Splashed by a jelly's acid (3 damage)
             ... on level 6 of the Dungeon on May 10, 2023.
             The game lasted 00:06:17 (4395 turns).

qeuew the Covered (Minotaur Berserker)              Turns: 4395, Time: 00:06:19

HP:   -1/93 (105)   AC:  8    Str: 23    XL:     8   Next: 14%
MP:   7/7           EV: 12    Int:  4    God:    Trog [****..]
Gold: 243           SH:  0    Dex: 11    Spells: 7/7 levels left

rFire   + + .        a - +1 hand axe
rCold   + . .        (no shield)
rNeg    . . .        h - +0 ring mail
rPois   +            (helmet restricted)
rElec   .            (no cloak)
rCorr   .            (no gloves)
SInv    .            g - +1 pair of boots
Will    ++...        i - amulet of the Purple Skies {Faith rF++} Stlth
                     q - ring of poison resistance
HPRegen 1.35/turn    s - ring of protection from cold
MPRegen 0.10/turn

%: faith
@: berserking, strong-willed, regenerating, heavily drained, very quick
A: horns 2, retaliatory headbutt
a: Renounce Religion, Berserk, Trog's Hand, Brothers in Arms


You were on level 6 of the Dungeon.
You worshipped Trog.
Trog was greatly pleased with you.
You visited 1 branch of the dungeon, and saw 6 of its levels.

You collected 243 gold pieces.

Inventory:

Hand Weapons
 a - a +1 hand axe (weapon)
Armour
 g - a +1 pair of boots (worn)
 h - a +0 ring mail (worn)
Jewellery
 i - the amulet of the Purple Skies (around neck) {Faith rF++}
   (You found it on level 2 of the Dungeon)

   [amulet of faith]

   It allows you to gain divine favour quickly.
   rF:        It greatly protects you from fire.
 m - a ring of positive energy
 q - a ring of poison resistance (left hand)
 s - a ring of protection from cold (right hand)
Wands
 n - a wand of flame (19)
Scrolls
 b - a scroll of enchant armour
 c - 5 scrolls of teleportation
 d - a scroll of blinking
 k - a scroll of enchant weapon
 o - 7 scrolls of identify
 p - a scroll of fear
Potions
 e - 4 potions of curing
 f - a potion of magic
 j - 2 potions of haste
 l - a potion of ambrosia


   Skills:
 + Level 6.2 Fighting
 + Level 6.1 Axes
 * Level 7.3 Armour
 + Level 4.9 Dodging
 + Level 2.2 Evocations


You had 7 spell levels left.
You didn't know any spells.
Your spell library was empty.

Dungeon Overview and Level Annotations

Branches:
Dungeon (6/15)             Temple (0/1) D:4

Altars:
Gozag
Makhleb
Okawaru
Yredelemnul
Zin

Shops:
D:1 !   D:5 **:


Innate Abilities, Weirdness & Mutations

You have a pair of horns on your head.
You reflexively headbutt those who attack you in melee.


Message History

The gnoll bouda closely misses you. You furiously retaliate!
You headbutt the gnoll bouda.
A shadow imp comes into view.
The gnoll hits you with a +0 flail!
* * * LOW HITPOINT WARNING * * *
The howler monkey hoots and howls with incredible vigour!
You hear a shout!
You feel better. The jelly hits you but does no damage.
The orc barely misses you. The jelly closely misses you.
The gnoll hits you from afar with a +0 spear!
* * * LOW HITPOINT WARNING * * *
The gnoll bouda calls upon its god to heal the gnoll.
The gnoll is healed somewhat.
The gnoll closely misses you.
Unknown command.
Okay, then.
Your skin crawls.
You feel strong-willed. The jelly barely misses you.
The orc closely misses you. The jelly closely misses you.
The gnoll hits you from afar with a +0 spear.
* * * LOW HITPOINT WARNING * * *
The gnoll bouda calls upon its god to heal the gnoll.
The gnoll is healed somewhat.
The gnoll hits you but does no damage.
A red film seems to cover your vision as you go berserk!
You feel yourself moving faster!
You feel mighty!
Your attacks no longer feel as feeble.
The gnoll is no longer moving quickly.
The jelly hits you but does no damage.
The orc hits you from afar with a +2 trident of protection.
* * * LOW HITPOINT WARNING * * *
The jelly hits you but does no damage.
The gnoll hits you from afar with a +0 spear.
* * * LOW HITPOINT WARNING * * *
The gnoll bouda barely misses you. The gnoll misses you.
You closely miss the gnoll bouda.
The gnoll bouda is severely wounded.
You hit the gnoll. You slash the jelly!
You kill the jelly!
Trog accepts your kill.
You hit the jelly.
Your hands burn!
You die...

################ ..
...##......#
###'###)##......#####
#...o...........'....
...#..g).#......<..#####
.....hg@.####......#
.....g)J.# #......#
.........# ########
...#.#.### #....#5 !..#
#. #.. #. .. ..


You could see a gnoll bouda, a howler monkey, a jelly, 2 gnolls, a shadow imp
and an orc.

Vanquished Creatures
  Grinder (D:3)
  An ice beast (D:5)
  A black bear (D:6)
  A phantom (D:5)
  3 scorpions (D:5)
  2 howler monkeys (D:5)
  A jelly (D:6)
  2 orc priests
  2 sleepcaps
  An orc wizard (D:5)
  3 gnolls (D:6)
  10 adders
  A shadow imp (D:5)
  4 white imps
  An ufetubus (D:5)
  2 worms
  4 dart slugs
  14 orcs
  5 ball pythons
  7 bats
  6 endoplasms
  3 giant cockroaches
  10 goblins
  7 hobgoblins
  6 jackals (D:2)
  5 quokkas
  3 frilled lizards
  7 kobolds
  4 rats
117 creatures vanquished.

Notes
Turn   | Place    | Note
-------+----------+-------------------------------------------
     0 | D:1      | qeuew the Minotaur Berserker began the quest for the Orb.
     0 | D:1      | Reached XP level 1. HP: 19/19 MP: 0/0
    42 | D:1      | HP: 1/20 [goblin/+0 club (3)]
   184 | D:1      | Reached XP level 2. HP: 24/27 MP: 1/1
   230 | D:1      | Reached skill level 3 in Armour
   255 | D:1      | Found Torolaud's Distillery.
   616 | D:2      | Found a burning altar of Makhleb.
   645 | D:2      | Reached ** piety under Trog
   646 | D:2      | Reached XP level 3. HP: 27/33 MP: 2/2
   866 | D:2      | You fall into a shaft and drop 2 floors!
  1087 | D:2      | Identified the amulet of the Purple Skies {Faith rF++}
  1144 | D:2      | Reached XP level 4. HP: 40/40 MP: 3/3
  1500 | D:3      | Reached skill level 4 in Armour
  1724 | D:3      | HP: 2/41 [sleepcap (1)]
  1726 | D:3      | Reached XP level 5. HP: 3/47 MP: 4/4
  1927 | D:3      | Reached *** piety under Trog
  1983 | D:3      | Noticed Grinder
  1983 | D:3      | Paralysed by Grinder for 2 turns
  2014 | D:3      | Killed Grinder
  2015 | D:3      | Reached skill level 5 in Fighting
  2015 | D:3      | Reached skill level 5 in Axes
  2015 | D:3      | Reached skill level 5 in Armour
  2015 | D:3      | Reached XP level 6. HP: 25/56 MP: 5/5
  2219 | D:3      | Found a basalt altar of Yredelemnul.
  2219 | D:3      | Found an iron altar of Okawaru.
  2232 | D:3      | Found an opulent altar of Gozag.
  2234 | D:3      | Found a faded altar of an unknown god.
  2236 | D:3      | Found a glowing silver altar of Zin.
  2427 | D:4      | Found a staircase to the Ecumenical Temple.
  2949 | D:5      | Entered Level 5 of the Dungeon
  2964 | D:5      | Found Ygrarph's Book Shoppe.
  2969 | D:5      | Noticed an ice beast
  2979 | D:5      | Killed an ice beast
  2980 | D:5      | Reached skill level 1 in Evocations
  2980 | D:5      | Reached XP level 7. HP: 61/61 MP: 6/6
  3024 | D:5      | Reached skill level 6 in Armour
  3170 | D:5      | Found Feaseo's Overcharged Wands.
  3206 | D:5      | Reached **** piety under Trog
  3807 | D:5      | Reached skill level 7 in Armour
  3807 | D:5      | Found the +11 Singing Sword {sonic wave}
  3815 | D:5      | Reached XP level 8. HP: 67/70 MP: 7/7
  3938 | D:5      | Found Efemapiz's Fire Supplies.
  4394 | D:6      | HP: 4/93 [orc/+2 trident of protection (5)]
  4395 | D:6      | Splashed by a jelly's acid

Illustrated notes

Levels and vault maps discovered:
D:1:      mushboom_english_gardens, layout_rooms, serial_shops, shop
D:2:      layout_loops_cross, basic_altar, corexii_hall_statues_x
D:3:      layout_loops_ring, chequers_temple_overflow_minitemple, uniq_grinder
D:4:      kennysheep_the_goblin_king, layout_cave_pools, temple_green,
          minmay_hedge_maze
D:5:      old_forge, layout_layer_cave, serial_shops,
          nicolae_shop_tiny_waterfront, grunt_ministairs_13,
          minmay_statues_item, nicolae_shop_fire_sale [nicolae_sub_dead_trees],
          serial_bayou_lagoon_a, nicolae_shop_overcharged_wands
D:6:      layout_basic, minmay_ogre_servants

Skill      XL: |  1  2  3  4  5  6  7  8 |
---------------+-------------------------+-----
Armour         | 3 4 5 7 |  7.3
Fighting       | 4 5 6 |  6.2
Axes           | 4 5 6 |  6.1
Dodging        | 3 4 |  4.9
Evocations     | 1 2 |  2.2

Action                     |  1- 3 |  4- 6 |  7- 9 || total
---------------------------+-------+-------+-------++-------
  Melee: Hand axe          |    94 |   157 |   107 ||   358
         Headbutt          |    14 |    41 |    19 ||    74
         Punch             |       |     3 |       ||     3
 Invoke: Berserk           |       |     1 |     1 ||     2
         Trog's Hand       |       |     1 |     1 ||     2
    Use: Scroll            |     5 |     5 |     2 ||    12
         Potion            |     4 |     4 |     1 ||     9
 Armour: Animal skin       |    17 |       |       ||    17
         Ring mail         |     3 |    43 |    57 ||   103
  Dodge: Dodged            |    51 |    47 |    84 ||   182
